| TOP OF THE 1ST |
|
Columbus Reds batting - Pitching for Winnipeg Goldeyes : RHP Tom Winsor
|
|
Pitching: RHP Tom Winsor
|
|
|
Batting: RHB Sang-ton Pak
|
0-0: SINGLE (Groundball, 56D, EV 105.0 MPH)
|
|
Batting: RHB Pat McCoy
|
0-0: Foul Ball, location: 2F 0-1: Ball 1-1: Called Strike Sang-ton Pak steals 2nd base 1-2: Foul Ball, location: 2F 1-2: Foul Ball, location: 2F 1-2: Foul Ball, location: 2F 1-2: Ground out 5-3 (Groundball, 56, EV 83.8 MPH)
|
|
Batting: LHB Chris Redhead
|
0-0: Foul Ball, location: 2F 0-1: Foul Ball, location: 2F 0-2: Foul Ball, location: 2F 0-2: Ball Wild Pitch! Sang-ton Pak to third 1-2: Foul Ball, location: 2F 1-2: Fly out, F8 (Flyball, 8LXD, EV 86.3 MPH) Runner from 3rd tags up, SCORES, no throw by CF
|
|
Batting: RHB Nick Miller
|
0-0: Called Strike 0-1: Called Strike 0-2: Ball 1-2: Foul Ball, location: 2F 1-2: Fly out, F4 (Popup, 34D, EV 46.3 MPH)
|
| Top of the 1st over - 1 run, 1 hit, 0 errors, 0 left on base; Columbus 1 - Winnipeg 0 |
| BOTTOM OF THE 1ST |
|
Winnipeg Goldeyes batting - Pitching for Columbus Reds : RHP Dave Baber
|
|
Pitching: RHP Dave Baber
|
|
|
Batting: RHB John Dew
|
0-0: Ball 1-0: Ball 2-0: Called Strike 2-1: Foul Ball, location: 2F 2-2: Strikes out swinging
|
|
Batting: RHB David McClellan
|
0-0: Ball 1-0: Called Strike 1-1: Ball 2-1: Called Strike 2-2: Strikes out swinging
|
|
Batting: RHB Steve Raine
|
0-0: Called Strike 0-1: Ball 1-1: Ball 2-1: Ball 3-1: Foul Ball, location: 2F 3-2: Base on Balls
|
|
Batting: SHB Ian Thompson
|
0-0: Ball 1-0: Foul Ball, location: 2F 1-1: Called Strike 1-2: Fly out, F9 (Flyball, 9LM, EV 91.9 MPH)
|
| Bottom of the 1st over - 0 runs, 0 hits, 0 errors, 1 left on base; Columbus 1 - Winnipeg 0 |
| TOP OF THE 2ND |
|
Columbus Reds batting - Pitching for Winnipeg Goldeyes : RHP Tom Winsor
|
|
Batting: LHB Tim Kirk
|
0-0: Hit by Pitch
|
|
Batting: RHB R.J. Romberg
|
0-0: Called Strike 0-1: Foul Ball, location: 2F 0-2: Ball 1-2: Foul Ball, location: 2F 1-2: Fly out, F8 (Flyball, 8RXD, EV 83.1 MPH)
|
|
Batting: RHB Fred Barbour
|
0-0: Ball 1-0: Ball 2-0: Called Strike 2-1: Called Strike 2-2: Ball 3-2: Base on Balls Tim Kirk to second
|
|
Batting: RHB Alex Villagomez
|
0-0: Called Strike 0-1: Foul Ball, location: 2F 0-2: SINGLE (Flyball, 8LS, EV 88.8 MPH) Tim Kirk to third Fred Barbour to second
|
|
Pitching: LHP Kevin Drew
|
|
|
Batting: LHB Elijah Benton
|
0-0: Ball 1-0: Swinging Strike 1-1: Called Strike 1-2: Foul Ball, location: 2F 1-2: Ball 2-2: Ball 3-2: Ground out 6-3 (Groundball, P, EV 77.5 MPH) Tim Kirk scores Fred Barbour to third Alex Villagomez to second
|
|
Batting: RHB Sang-ton Pak
|
0-0: 3-RUN HOME RUN (Flyball, 7LD, EV 96.3 MPH), Distance : 364 ft
|
|
Batting: RHB Pat McCoy
|
0-0: Called Strike 0-1: SINGLE (Groundball, 4MD, EV 100.6 MPH)
|
|
Batting: LHB Chris Redhead
|
0-0: Ball 1-0: Foul Ball, location: 2F 1-1: Foul Ball, location: 2F 1-2: Ball 2-2: Strikes out swinging
|
| Top of the 2nd over - 4 runs, 3 hits, 0 errors, 1 left on base; Columbus 5 - Winnipeg 0 |
| BOTTOM OF THE 2ND |
|
Winnipeg Goldeyes batting - Pitching for Columbus Reds : RHP Dave Baber
|
|
Batting: LHB Marvin Shepherd
|
0-0: Swinging Strike 0-1: Ball 1-1: SOLO HOME RUN (Flyball, 9LD, EV 96.9 MPH), Distance : 357 ft
|
|
Batting: RHB Jeremy Witt
|
0-0: DOUBLE (Flyball, 8RXD, EV 103.8 MPH)
|
|
Batting: RHB Antonio Santos
|
0-0: Ball 1-0: Ball 2-0: Ball 3-0: Base on Balls
|
|
Batting: RHB Ton van Dijk
|
0-0: Ball 1-0: Fielders Choice at 2nd, 3-6 (Groundball, 3S, EV 83.1 MPH) Jeremy Witt to third
|
|
Batting: RHB Ricky Pizarro
|
0-0: Ball 1-0: Ball 2-0: Ball 3-0: Base on Balls Ton van Dijk to second
|
|
Batting: RHB John Dew
|
0-0: Foul Ball, location: 2F 0-1: Foul Ball, location: 2F 0-2: Foul Ball, location: 2F 0-2: Foul Ball, location: 2F 0-2: GRAND SLAM HOME RUN (Flyball, 7D, EV 100.0 MPH), Distance : 386 ft
|
|
Batting: RHB David McClellan
|
0-0: Ball 1-0: Ball 2-0: Foul Ball, location: 2F 2-1: Ball 3-1: Swinging Strike 3-2: Reached on error, E5 (Line Drive, 5, EV 70.0 MPH)
|
|
Batting: RHB Steve Raine
|
0-0: Called Strike David McClellan is caught stealing 2nd base 2-4 0-1: Fly out, F8 (Flyball, 8LM, EV 93.1 MPH)
|
| Bottom of the 2nd over - 5 runs, 3 hits, 1 error, 0 left on base; Columbus 5 - Winnipeg 5 |
| TOP OF THE 3RD |
|
Columbus Reds batting - Pitching for Winnipeg Goldeyes : LHP Kevin Drew
|
|
Batting: RHB Nick Miller
|
0-0: Foul Ball, location: 2F 0-1: SOLO HOME RUN (Flyball, 78XD, EV 110.6 MPH), Distance : 435 ft
|
|
Batting: LHB Tim Kirk
|
0-0: Foul Ball, location: 2F 0-1: Foul Ball, location: 2F 0-2: Foul Ball, location: 2F 0-2: DOUBLE (Line Drive, 89D, EV 106.3 MPH)
|
|
Pitching: RHP Chad Brock
|
|
|
Batting: RHB R.J. Romberg
|
0-0: Ball 1-0: Ball 2-0: Called Strike 2-1: Ball 3-1: Swinging Strike 3-2: 2-RUN HOME RUN (Flyball, 9D, EV 103.8 MPH), Distance : 393 ft
|
|
Batting: RHB Fred Barbour
|
0-0: Ball 1-0: Fly out, F8 (Flyball, 8LM, EV 83.1 MPH)
|
|
Batting: RHB Alex Villagomez
|
0-0: Ball 1-0: Called Strike 1-1: SINGLE (Line Drive, 78S, EV 103.1 MPH)
|
|
Batting: LHB Elijah Benton
|
0-0: Called Strike 0-1: Called Strike 0-2: Ball 1-2: Foul Ball, location: 2F 1-2: Foul Ball, location: 2F 1-2: Strikes out looking
|
|
Batting: RHB Sang-ton Pak
|
0-0: Swinging Strike 0-1: Fly out, F9 (Line Drive, 9, EV 99.4 MPH)
|
| Top of the 3rd over - 3 runs, 4 hits, 0 errors, 1 left on base; Columbus 8 - Winnipeg 5 |
| BOTTOM OF THE 3RD |
|
Winnipeg Goldeyes batting - Pitching for Columbus Reds : RHP Dave Baber
|
|
Batting: SHB Ian Thompson
|
0-0: Foul Ball, location: 2F 0-1: Swinging Strike 0-2: Strikes out swinging passed ball, reaches first!
|
|
Batting: LHB Marvin Shepherd
|
0-0: Foul Ball, location: 2F 0-1: Foul Ball, location: 2F 0-2: Strikes out swinging
|
|
Batting: RHB Jeremy Witt
|
0-0: Ball 1-0: Foul Ball, location: 2F 1-1: Ball 2-1: Ball 3-1: DOUBLE (Groundball, 5L, EV 103.1 MPH) Ian Thompson to third
|
|
Batting: RHB Antonio Santos
|
0-0: Foul Ball, location: 2F 0-1: Ground out 4-3 (Groundball, 4, EV 88.8 MPH) Ian Thompson scores Jeremy Witt to third
|
|
Batting: RHB Ton van Dijk
|
0-0: Ball 1-0: Ball 2-0: Called Strike 2-1: Ball 3-1: Base on Balls
|
|
Batting: RHB Ricky Pizarro
|
0-0: Ball 1-0: Ball 2-0: Called Strike 2-1: Ground out U3 (Groundball, 34S, EV 81.9 MPH)
|
| Bottom of the 3rd over - 1 run, 1 hit, 0 errors, 2 left on base; Columbus 8 - Winnipeg 6 |
| TOP OF THE 4TH |
|
Columbus Reds batting - Pitching for Winnipeg Goldeyes : RHP Chad Brock
|
|
Pitching: RHP Scot Abbott
|
|
|
Batting: RHB Pat McCoy
|
0-0: Ball 1-0: SINGLE (Groundball, 6MS, EV 71.3 MPH) (infield hit)
|
|
Batting: LHB Chris Redhead
|
0-0: Foul Ball, location: 2F 0-1: Swinging Strike 0-2: Foul Ball, location: 2F 0-2: Foul Ball, location: 2F 0-2: Ball 1-2: Ball 2-2: Foul Ball, location: 2F 2-2: Ball 3-2: Fly out, F8 (Flyball, 8RD, EV 95.6 MPH)
|
|
Batting: RHB Nick Miller
|
0-0: Called Strike 0-1: Ball 1-1: Ball 2-1: Ball 3-1: SINGLE (Line Drive, 78S, EV 103.8 MPH) Pat McCoy to second
|
|
Batting: LHB Tim Kirk
|
0-0: Fly out, F8 (Flyball, 78M, EV 93.1 MPH)
|
|
Batting: RHB R.J. Romberg
|
0-0: Ball 1-0: Ball 2-0: Fly out, F9 (Flyball, 89D, EV 95.6 MPH)
|
| Top of the 4th over - 0 runs, 2 hits, 0 errors, 2 left on base; Columbus 8 - Winnipeg 6 |
| BOTTOM OF THE 4TH |
|
Winnipeg Goldeyes batting - Pitching for Columbus Reds : RHP Dave Baber
|
|
Batting: RHB John Dew
|
0-0: Swinging Strike 0-1: Called Strike 0-2: Ball 1-2: Ball 2-2: Ball 3-2: Foul Ball, location: 2F 3-2: SINGLE (Groundball, 5S, EV 65.0 MPH) (infield hit)
|
|
Batting: RHB David McClellan
|
0-0: Ball 1-0: Foul Ball, location: 2F 1-1: Called Strike 1-2: Ball 2-2: Ball 3-2: Strikes out swinging
|
|
Batting: RHB Steve Raine
|
0-0: Fly out, F9 (Line Drive, 89M, EV 108.1 MPH)
|
|
Batting: SHB Ian Thompson
|
0-0: Ball John Dew steals 2nd base (no throw) 1-0: Foul Ball, location: 2F 1-1: Fly out, F5 (Popup, 25F, EV 85.0 MPH)
|
| Bottom of the 4th over - 0 runs, 1 hit, 0 errors, 1 left on base; Columbus 8 - Winnipeg 6 |
| TOP OF THE 5TH |
|
Columbus Reds batting - Pitching for Winnipeg Goldeyes : RHP Scot Abbott
|
|
Pitching: RHP Bud Puffer
|
|
|
Batting: RHB Fred Barbour
|
0-0: Ball 1-0: Fly out, F4 (Flyball, 34D, EV 84.4 MPH)
|
|
Batting: RHB Alex Villagomez
|
0-0: Ground out 5-3 (Groundball, 56, EV 107.5 MPH)
|
|
Batting: LHB Elijah Benton
|
0-0: Ball 1-0: Foul Ball, location: 2F 1-1: Foul Ball, location: 2F 1-2: Foul Ball, location: 2F 1-2: Ball 2-2: Ball 3-2: Base on Balls
|
|
Batting: RHB Sang-ton Pak
|
0-0: Ball 1-0: Ball 2-0: Ground out U3 (Groundball, 3L, EV 90.6 MPH)
|
| Top of the 5th over - 0 runs, 0 hits, 0 errors, 1 left on base; Columbus 8 - Winnipeg 6 |
| BOTTOM OF THE 5TH |
|
Winnipeg Goldeyes batting - Pitching for Columbus Reds : RHP Dave Baber
|
|
Batting: LHB Marvin Shepherd
|
0-0: Ball 1-0: Ball 2-0: Ball 3-0: Base on Balls
|
|
Batting: RHB Jeremy Witt
|
0-0: Foul Ball, location: 2F 0-1: DOUBLE (Groundball, 5L, EV 106.9 MPH) Marvin Shepherd to third Runner from 3rd tries for Home, SAFE, no throw by LF
|
|
Batting: RHB Antonio Santos
|
0-0: Ball 1-0: Called Strike 1-1: Foul Ball, location: 2F 1-2: Ground out 3-1 (Groundball, 34, EV 97.5 MPH) Jeremy Witt to third
|
|
Batting: RHB Ton van Dijk
|
0-0: Foul Ball, location: 2F 0-1: Ball 1-1: Called Strike 1-2: Strikes out swinging
|
|
Batting: RHB Ricky Pizarro
|
0-0: Foul Ball, location: 2F 0-1: Foul Ball, location: 2F 0-2: Ball 1-2: Strikes out looking
|
| Bottom of the 5th over - 1 run, 1 hit, 0 errors, 1 left on base; Columbus 8 - Winnipeg 7 |
| TOP OF THE 6TH |
|
Columbus Reds batting - Pitching for Winnipeg Goldeyes : RHP Bud Puffer
|
|
Batting: RHB Pat McCoy
|
0-0: Ball 1-0: Ball 2-0: Ball 3-0: Base on Balls
|
|
Batting: LHB Chris Redhead
|
0-0: Ball 1-0: Ball 2-0: Ball 3-0: Called Strike 3-1: Foul Ball, location: 2F 3-2: Base on Balls Pat McCoy to second
|
|
Pitching: RHP Tim Weller
|
|
|
Batting: RHB Nick Miller
|
0-0: Ball 1-0: Swinging Strike 1-1: Ball 2-1: Foul Ball, location: 2F 2-2: Grounds into double play, 4-6-3 (Groundball, 4, EV 87.5 MPH) Pat McCoy to third
|
|
Batting: LHB Tim Kirk
|
0-0: Ball 1-0: Swinging Strike 1-1: Ball 2-1: Ball 3-1: Base on Balls
|
|
Batting: RHB R.J. Romberg
|
0-0: Called Strike 0-1: Foul Ball, location: 2F 0-2: Ball 1-2: Ball 2-2: Ball 3-2: 3-RUN HOME RUN (Flyball, 78XD, EV 111.3 MPH), Distance : 440 ft
|
|
Batting: RHB Fred Barbour
|
0-0: Ball 1-0: Swinging Strike 1-1: Ground out 5-3 (Groundball, 56, EV 103.8 MPH)
|
| Top of the 6th over - 3 runs, 1 hit, 0 errors, 0 left on base; Columbus 11 - Winnipeg 7 |
| BOTTOM OF THE 6TH |
|
Winnipeg Goldeyes batting - Pitching for Columbus Reds : RHP Dave Baber
|
|
Batting: RHB John Dew
|
0-0: Ball 1-0: Ball 2-0: Swinging Strike 2-1: Ball 3-1: Ground out 4-3 (Groundball, 4, EV 81.3 MPH)
|
|
Batting: RHB David McClellan
|
0-0: Foul Ball, location: 2F 0-1: Ball 1-1: Ball 2-1: Foul Ball, location: 2F 2-2: Fly out, F8 (Flyball, 8LD, EV 90.6 MPH)
|
|
Batting: RHB Steve Raine
|
0-0: Ball 1-0: Foul Ball, location: 2F 1-1: Swinging Strike 1-2: Foul Ball, location: 2F 1-2: Ball 2-2: Foul Ball, location: 2F 2-2: Foul Ball, location: 2F 2-2: Foul Ball, location: 2F 2-2: Ball 3-2: SOLO HOME RUN (Flyball, 7D, EV 98.1 MPH), Distance : 387 ft
|
|
Pitching: RHP Brian Trejo
|
|
|
Batting: SHB Ian Thompson
|
0-0: Called Strike 0-1: Ball 1-1: Fly out, F9 (Flyball, 89XD, EV 101.3 MPH)
|
| Bottom of the 6th over - 1 run, 1 hit, 0 errors, 0 left on base; Columbus 11 - Winnipeg 8 |
| TOP OF THE 7TH |
|
Columbus Reds batting - Pitching for Winnipeg Goldeyes : RHP Tim Weller
|
|
Pitching: RHP Larry Muttart
|
|
|
Batting: RHB Alex Villagomez
|
0-0: Ball 1-0: Called Strike 1-1: Fly out, F9 (Line Drive, 9, EV 105.0 MPH)
|
|
Batting: LHB Elijah Benton
|
0-0: Swinging Strike 0-1: Ball 1-1: Foul Ball, location: 2F 1-2: Ground out 6-3 (Groundball, 6M, EV 78.1 MPH)
|
|
Batting: RHB Sang-ton Pak
|
0-0: Foul Ball, location: 2F 0-1: Ball 1-1: Foul Ball, location: 2F 1-2: Foul Ball, location: 2F 1-2: Fly out, F5 (Popup, 6S, EV 86.9 MPH)
|
| Top of the 7th over - 0 runs, 0 hits, 0 errors, 0 left on base; Columbus 11 - Winnipeg 8 |
| BOTTOM OF THE 7TH |
|
Winnipeg Goldeyes batting - Pitching for Columbus Reds : RHP Brian Trejo
|
|
Batting: LHB Marvin Shepherd
|
0-0: Foul Ball, location: 2F 0-1: Swinging Strike 0-2: Ball 1-2: Ball 2-2: Ground out U3 (Groundball, 34S, EV 85.6 MPH)
|
|
Batting: RHB Jeremy Witt
|
0-0: Ball 1-0: Ball 2-0: Ball 3-0: Called Strike 3-1: Called Strike 3-2: SINGLE (Line Drive, 8LS, EV 110.0 MPH)
|
|
Batting: RHB Antonio Santos
|
0-0: Called Strike 0-1: Ball 1-1: Ball 2-1: Ball 3-1: Base on Balls Jeremy Witt to second
|
|
Batting: RHB Ton van Dijk
|
0-0: Ball 1-0: Foul Ball, location: 2F 1-1: Called Strike 1-2: Strikes out swinging
|
|
Batting: RHB Ricky Pizarro
|
0-0: Called Strike 0-1: Ball 1-1: Fly out, F7 (Line Drive, 7, EV 89.4 MPH)
|
| Bottom of the 7th over - 0 runs, 1 hit, 0 errors, 2 left on base; Columbus 11 - Winnipeg 8 |
| TOP OF THE 8TH |
|
Columbus Reds batting - Pitching for Winnipeg Goldeyes : RHP Larry Muttart
|
|
Pitching: LHP David Gordon
|
|
|
Batting: RHB Pat McCoy
|
0-0: Called Strike 0-1: Ball 1-1: Called Strike 1-2: Ball 2-2: Strikes out looking
|
|
Batting: LHB Chris Redhead
|
0-0: Called Strike 0-1: Swinging Strike 0-2: Foul Ball, location: 2F 0-2: Ball 1-2: Foul Ball, location: 2F 1-2: SOLO HOME RUN (Flyball, 9D, EV 97.5 MPH), Distance : 395 ft
|
|
Batting: RHB Nick Miller
|
0-0: Ball 1-0: Ball 2-0: Ball 3-0: Base on Balls
|
|
Batting: LHB Tim Kirk
|
0-0: Ball 1-0: DOUBLE (Flyball, 78D, EV 103.8 MPH) Nick Miller to third Runner from 3rd tries for Home, SAFE, throw by LF to home
|
|
Batting: RHB R.J. Romberg
|
0-0: Called Strike 0-1: Foul Ball, location: 2F 0-2: Ball 1-2: Ball 2-2: Ball 3-2: Base on Balls
|
|
Batting: RHB Fred Barbour
|
0-0: Ball 1-0: Fly out, F8 (Flyball, 8LXD, EV 96.9 MPH) Runner from 2nd tags up, SAFE at 3rd, no throw by CF
|
|
Batting: RHB Alex Villagomez
|
0-0: Foul Ball, location: 2F 0-1: Ball 1-1: Fly out, F8 (Flyball, 8LXD, EV 103.8 MPH)
|
| Top of the 8th over - 2 runs, 2 hits, 0 errors, 2 left on base; Columbus 13 - Winnipeg 8 |
| BOTTOM OF THE 8TH |
|
Winnipeg Goldeyes batting - Pitching for Columbus Reds : RHP Brian Trejo
|
|
Batting: RHB John Dew
|
0-0: DOUBLE (Flyball, 7LM, EV 94.4 MPH)
|
|
Batting: RHB David McClellan
|
0-0: SINGLE (Groundball, 56D, EV 104.4 MPH) John Dew to third Runner from 3rd tries for Home, SAFE, throw by LF to home
|
|
Batting: RHB Steve Raine
|
0-0: Ball 1-0: Ball 2-0: Ball 3-0: Called Strike 3-1: SINGLE (Groundball, 56, EV 107.5 MPH) David McClellan to second
|
|
Batting: SHB Ian Thompson
|
0-0: Called Strike 0-1: Ball 1-1: Ball 2-1: Called Strike 2-2: Ball 3-2: Base on Balls David McClellan to third Steve Raine to second
|
|
Batting: LHB Marvin Shepherd
|
0-0: Ball 1-0: Foul Ball, location: 2F 1-1: Swinging Strike 1-2: Foul Ball, location: 2F 1-2: Ball Wild Pitch! David McClellan scores Steve Raine to third Ian Thompson to second 2-2: Foul Ball, location: 2F 2-2: Foul Ball, location: 2F 2-2: DOUBLE (Line Drive, 7D, EV 105.0 MPH) Steve Raine scores Ian Thompson scores
|
|
Batting: RHB Jeremy Witt
|
0-0: Fly out, F9 (Line Drive, 9, EV 108.8 MPH)
|
|
Batting: RHB Antonio Santos
|
0-0: Called Strike 0-1: Swinging Strike 0-2: Fly out, F7 (Flyball, 78M, EV 87.5 MPH)
|
|
Batting: RHB Ton van Dijk
|
0-0: Swinging Strike 0-1: Ground out 6-3 (Groundball, 4M, EV 90.0 MPH)
|
| Bottom of the 8th over - 4 runs, 4 hits, 0 errors, 1 left on base; Columbus 13 - Winnipeg 12 |
| TOP OF THE 9TH |
|
Columbus Reds batting - Pitching for Winnipeg Goldeyes : LHP David Gordon
|
|
Batting: LHB Elijah Benton
|
0-0: Ball 1-0: Ball 2-0: Ball 3-0: Base on Balls
|
|
Batting: RHB Sang-ton Pak
|
0-0: Swinging Strike 0-1: Swinging Strike 0-2: Strikes out looking
|
|
Batting: RHB Pat McCoy
|
0-0: Ball 1-0: Ball 2-0: Called Strike 2-1: Foul Ball, location: 2F 2-2: Grounds into double play, 5-4-3 (Groundball, 5S, EV 80.0 MPH)
|
| Top of the 9th over - 0 runs, 0 hits, 0 errors, 0 left on base; Columbus 13 - Winnipeg 12 |
| BOTTOM OF THE 9TH |
|
Winnipeg Goldeyes batting - Pitching for Columbus Reds : RHP Brian Trejo
|
|
Pinch Hitting: LHB Brian Wagner
|
0-0: Called Strike 0-1: Ball 1-1: Swinging Strike 1-2: Ball 2-2: Foul Ball, location: 2F 2-2: SINGLE (Line Drive, 7S, EV 106.9 MPH)
|
|
Batting: RHB John Dew
|
0-0: Ball 1-0: Called Strike 1-1: Foul Ball, location: 2F 1-2: Foul Ball, location: 2F 1-2: Ball 2-2: Strikes out swinging
|
|
Batting: RHB David McClellan
|
0-0: Ball 1-0: Foul Ball, location: 2F 1-1: Fly out, F4 (Popup, 34, EV 67.5 MPH)
|
|
Batting: RHB Steve Raine
|
0-0: Ball 1-0: Foul Ball, location: 2F 1-1: Foul Ball, location: 2F 1-2: Ball 2-2: Ball 3-2: SINGLE (Line Drive, 9LM, EV 101.9 MPH) Brian Wagner to second Brian Wagner to third
|
|
Batting: SHB Ian Thompson
|
0-0: Ball 1-0: Foul Ball, location: 2F 1-1: Swinging Strike 1-2: Ball 2-2: Ball 3-2: Fly out, F7 (Flyball, 78S, EV 85.6 MPH)
|
| Bottom of the 9th over - 0 runs, 2 hits, 0 errors, 2 left on base; Columbus 13 - Winnipeg 12 |
|